 Dungeon Crawl Stone Soup version 0.30-a0-170-g85af917532 (webtiles) character file.

Game seed: 10174901549830152127

39 qw the Chopper (level 3, -14/23 HPs)
             Began as a Gargoyle Fighter on Sept 30, 2022.
             Demolished by an ogre
             ... wielding a +0 giant club
              (31 damage)
             ... on level 2 of the Dungeon.
             The game lasted 00:00:27 (1839 turns).

qw the Chopper (Gargoyle Fighter)                   Turns: 1839, Time: 00:00:28

Health: -14/23     AC: 11    Str: 21    XL:     3   Next: 45%
Magic:  3/3        EV:  9    Int:  8    God:
Gold:   18         SH:  4    Dex:  9    Spells: 2/2 levels left

rFire   . . .      SeeInvis .    Y - +1 war axe
rCold   . . .      Faith    .    c - +0 buckler
rNeg    + . .      Spirit   .    b - +0 scale mail
rPois   inf        Reflect  .    (no helmet)
rElec   +          Harm     .    (no cloak)
rCorr   .          Rampage  .    (no gloves)
Will    .....                    f - +0 pair of boots
Stlth   ..........               (no amulet)
HPRegen 0.07/turn                (no ring)
MPRegen 0.08/turn                (no ring)

@: no status effects
A: sickness immunity, AC +3, negative energy resistance 1, electricity
resistance, torment resistance 1, petrification resistance
a: no special abilities


You were on level 2 of the Dungeon.
You visited 1 branch of the dungeon, and saw 2 of its levels.

You collected 18 gold pieces.


Innate Abilities, Weirdness & Mutations

You are immune to sickness and miasma.
Your stone body is resilient. (AC +3)
You are immune to poison.
You resist negative energy. (rN+)
You are resistant to electric shocks. (rElec)
You are resistant to unholy torment.
You are immune to petrification.


   Skills:
 - Level 3.2 Fighting
 + Level 3.4 Axes
 - Level 3.2 Armour
 - Level 3.2 Shields


You had 2 spell levels left.
You didn't know any spells.
Your spell library was empty.

Inventory:

Hand Weapons
 m - a +0 mace
 Y - a +1 war axe (weapon)
Armour
 b - a +0 scale mail (worn)
 c - a +0 buckler (worn)
 f - a +0 pair of boots (worn)
Potions
 d - a potion of might
 e - a potion of heal wounds {unknown}
 h - a potion of mutation {unknown}
 j - a potion of ambrosia {unknown}
 l - 2 potions of curing

Dungeon Overview and Level Annotations

Branches:
Dungeon (2/15)

Altars:

Shops:
D:2 [


Message History

You closely miss the bat. The bat hits you but does no damage.
You completely miss the bat. The bat hits you but does no damage.
The bat closely misses you.
You hit the bat but do no damage. The bat hits you but does no damage.
The bat closely misses you. The bat barely misses you.
The bat hits you but does no damage. x2
You slash the bat!
You kill the bat!
A bat comes into view.
Enter note: A giant cockroach comes into view.
You hit the bat.
You kill the bat!
The giant cockroach bites you but does no damage.
You closely miss the giant cockroach.
The giant cockroach bites you but does no damage.
You slash the giant cockroach!
You kill the giant cockroach!
You see here a giant cockroach corpse.
An ogre comes into view. It is wielding a +0 giant club.
The ogre moves out of view.
You hit the ogre.
The ogre is lightly wounded.
The ogre closely misses you.
You hit the ogre.
The ogre is moderately wounded.
The ogre hits you with a +0 giant club.
You slash the ogre!
The ogre is severely wounded.
The ogre completely misses you.
A worm comes into view.
You hit the ogre.
The ogre is almost dead.
The ogre hits you with a +0 giant club!!
Ouch! That really hurt!
You die...

..# ### ...
##################..
........................
........................
.....####...##########.#
....}.} #.#.# #....
.....\O##.#w### #.#..
#..}.}@..%...# #....
#........#.#....# ####.
..............##... #.
#.#####...#.#.# .# #. .
.........# #.
#######.#... #. #...##.
.. ###.. ##


You could see an ogre and a worm.

Vanquished Creatures
  2 worms (D:2)
  2 dart slugs
  3 ball pythons
  2 endoplasms (D:1)
  A giant cockroach (D:2)
  3 hobgoblins (D:1)
  2 jackals (D:2)
  A kobold (D:1)
  A quokka (D:1)
  4 bats
  2 frilled lizards
  3 goblins
  A rat (D:1)
27 creatures vanquished.

Notes
Turn   | Place    | Note
-------+----------+-------------------------------------------
     0 | D:1      | qw the Gargoyle Fighter began the quest for the Orb.
     0 | D:1      | Reached XP level 1. HP: 14/14 MP: 1/1
     0 | D:1      | 0 ||| qw: Version: 0.2-a-12-gaebbb33
     0 | D:1      | 0 ||| qw: Game counter: 1537
     0 | D:1      | 0 ||| qw: Always use a shield: true
     0 | D:1      | 0 ||| qw: God list: Okawaru
     0 | D:1      | 0 ||| qw: Allow faded altars: false
     0 | D:1      | 0 ||| qw: Do Orc after D:15 true
     0 | D:1      | 0 ||| qw: Do second Lair branch before Depths: true
     0 | D:1      | 0 ||| qw: Lair rune preference: random
     0 | D:1      | 0 ||| qw: Plans: Normal, Zot:1-4, God:TSO, Crypt, Tomb,
                  | Pan, Slime:5, Hells, Abyss, Orb
     0 | D:1      | 0 ||| PLANNING D:1-11
   125 | D:1      | 125 ||| Stepping ~*~*~tactically~*~*~ (stealth).
   252 | D:1      | Found a faded altar of an unknown god.
   386 | D:1      | Reached XP level 2. HP: 19/19 MP: 2/2
  1340 | D:1      | 1340 ||| UPGRADING to +0 pair of boots.
  1345 | D:1      | 1345 ||| READING scroll labelled ELEAZXI ETYH.
  1346 | D:1      | 1346 ||| READING scroll labelled XYADDA KAOLAWAOP.
  1347 | D:1      | 1347 ||| READING 2 scrolls labelled FYAHICZ HAUF.
  1348 | D:1      | 1348 ||| DRINKING 2 white potions.
  1349 | D:1      | 1349 ||| DROPPING scroll of magic mapping.
  1446 | D:2      | Reached skill level 3 in Axes
  1463 | D:2      | 1463 ||| Stepping ~*~*~tactically~*~*~ (hiding).
  1469 | D:2      | Reached XP level 3. HP: 23/23 MP: 3/3
  1825 | D:2      | Found Bunkagon's Antique Armour Boutique.
  1830 | D:2      | Noticed an ogre
  1839 | D:2      | Demolished by an ogre

Levels and vault maps discovered:
D:1:      minmay_arrival_jagged, layout_basic, basic_ecumenical_altar,
          palyth_stone_intersect
D:2:      layout_basic, serial_glass, glass_columns_c, glass_columns_a,
          serial_shops, shop_fountains, uniq_crazy_yiuf_cottage, uniq_natasha

Skill      XL: |  1  2 |
---------------+-------+-----
Axes           | 2 3 |  3.4
Fighting       | |  3.2
Armour         | |  3.2
Shields        | |  3.2

Action                   || total
-------------------------++-------
Melee: War axe           ||    70
  Use: Scroll            ||     3
       Potion            ||     1
Armor: Scale mail        ||    25
Dodge: Dodged            ||    26
Block: Buckler           ||     8

Table legend:
 A = Non-vault XP
 B = Vault XP
 C = Vault XP percentage of total XP
 D = Non-vault monster count
 E = Vault monster count
 F = Vault count percentage of total count
                 A         B        C        D         E       F
            +---------+---------+-------+---------+---------+-------
      Total |      56 |       0 |   0.0 |      27 |       0 |   0.0
            +---------+---------+-------+---------+---------+-------
        D:1 |      27 |       0 |   0.0 |      15 |       0 |   0.0
        D:2 |      29 |       0 |   0.0 |      12 |       0 |   0.0
            +---------+---------+-------+---------+---------+-------
